 Dungeon Crawl Stone Soup version 0.29-a0-352-g0917bc69df (webtiles) character file.

Game seed: 5222226659130852021

5654 Dauddaud the Severer (level 10, -13/115 HPs)
             Began as a Minotaur Berserker on Apr 23, 2022.
             Was an Elder of Trog.
             Mangled by an efreet
             ... wielding a +1 scimitar of flaming
              (16 damage)
             ... on level 9 of the Dungeon.
             The game lasted 00:18:00 (11404 turns).

Dauddaud the Severer (Minotaur Berserker)          Turns: 11404, Time: 00:18:01

Health: -13/115    AC: 11    Str: 26    XL:     10   Next: 46%
Magic:  9/9        EV:  9    Int: 10    God:    Trog [****..]
Gold:   515        SH:  0    Dex: 15    Spells: 9/9 levels left

rFire   . . .      SeeInvis .   x - +3 war axe
rCold   . . .      Faith    .   (no shield)
rNeg    . . .      Spirit   .   w - +0 chain mail
rPois   .          Reflect  .   (helmet restricted)
rElec   .          Harm     .   E - +0 cloak of Taecen {Int+6 Dex+5}
rCorr   .          Rampage  .   g - +0 pair of gloves
Will    ++...                   (no boots)
Stlth   ..........              (no amulet)
HPRegen 1.29/turn               (no ring)
MPRegen 0.11/turn               (no ring)

@: berserking (expiring), strong-willed, regenerating, very quick
A: horns 2, retaliatory headbutt
a: Renounce Religion, Berserk, Trog's Hand, Brothers in Arms


You were on level 9 of the Dungeon.
You worshipped Trog.
Trog was greatly pleased with you.
You visited 1 branch of the dungeon, and saw 9 of its levels.
You also visited: Sewer.

You collected 647 gold pieces.
You spent 132 gold pieces at shops.

Inventory:

Hand Weapons
 a - a +0 hand axe
 o - a +0 war axe
 x - a +3 war axe (weapon)
Missiles
 v - a throwing net (quivered)
Armour
 b - a +0 animal skin
 g - a +0 pair of gloves (worn)
 s - a +0 scale mail
 u - a +0 cloak
 w - a +0 chain mail (worn)
 E - the +0 cloak of Taecen (worn) {Int+6 Dex+5}
   (You found it on level 7 of the Dungeon)

   Int:       It affects your intelligence (+6).
   Dex:       It affects your dexterity (+5).
Jewellery
 J - a +6 ring of intelligence
Wands
 y - a wand of acid (5)
Scrolls
 c - 3 scrolls of magic mapping
 d - 2 scrolls of enchant armour {unknown}
 i - 3 scrolls of immolation
 j - 2 scrolls of teleportation
 k - a scroll of noise
 l - 3 scrolls of brand weapon
 m - 2 scrolls of amnesia
 n - a scroll of fog
 q - 2 scrolls of enchant weapon
 r - 2 scrolls of vulnerability
 t - a scroll of blinking
 F - 2 scrolls of fear {unknown}
 G - a scroll of summoning
 K - a scroll of silence
Potions
 e - 4 potions of mutation {unknown}
 f - 2 potions of degeneration {unknown}
 h - 2 potions of flight
 p - 2 potions of berserk rage {unknown}
 z - 2 potions of might {unknown}
 A - 3 potions of curing
 B - 3 potions of haste {unknown}
 C - 2 potions of heal wounds {unknown}
 D - a potion of ambrosia {unknown}
 I - a potion of brilliance {unknown}


   Skills:
 - Level 3.6 Fighting
 * Level 17.6 Axes
 - Level 2.4 Armour
 - Level 2.1 Dodging
 + Level 4.3 Evocations


You had 9 spell levels left.
You didn't know any spells.
Your spell library was empty.

Dungeon Overview and Level Annotations

Branches:
Dungeon (9/15)             Temple (0/1) D:6            Lair (0/6) D:9
  Sewer (visited)
    Orc: D:9-12

Altars:
Nemelex Xobeh
Sif Muna
Trog
Vehumet
The Shining One

Shops:
D:4 ?

Annotations:
D:8 2 transporters, nubinia's ghost, novice DECj


Innate Abilities, Weirdness & Mutations

You have a pair of horns on your head.
You reflexively headbutt those who attack you in melee.


Message History

A red film seems to cover your vision as you go berserk!
You feel yourself moving faster!
You feel mighty! The centaur warrior hits you.
The centaur warrior kicks you but does no damage.
The orc warrior hits you with a +0 long sword!
You slash the centaur warrior!
The centaur warrior is heavily wounded.
You hit the orc warrior. The centaur warrior hits you!
The centaur warrior kicks you.
You slice the centaur warrior!!
The centaur warrior is almost dead.
You completely miss the orc warrior. The centaur warrior hits you.
The centaur warrior kicks you but does no damage.
The orc warrior hits you but does no damage.
You slash the centaur warrior!
You kill the centaur warrior!
Trog accepts your kill.
You closely miss the orc warrior.
Your Evocations skill increases to level 4!
You completely miss the orc warrior.
The orc warrior is moderately wounded.
The efreet gestures at you. The bolt of fire hits you!!
* * * LOW HITPOINT WARNING * * *
The orc warrior closely misses you.
You slash the orc warrior!
The orc warrior is severely wounded.
You barely miss the orc warrior.
The orc warrior is severely wounded.
The efreet gestures at you. The bolt of fire hits you!!
* * * LOW HITPOINT WARNING * * *
The orc warrior hits you with a +0 long sword.
* * * LOW HITPOINT WARNING * * *
You slash the orc warrior!
The orc warrior is almost dead.
You barely miss the orc warrior. You headbutt the orc warrior.
You kill the orc warrior!
Trog accepts your kill.
The efreet hits you with a +1 scimitar of flaming!
You die...

###### .....# ##
.....# ##. .....#
#####.#######
:<...###..##.#..)..#
..........)..#.#@#.#
...............#R#
.............#.#.#
.............#....
.............#####
####+##+##..... #
#.....# # #.....# #
#.....


You could see an efreet.

Vanquished Creatures
  A centaur warrior (D:9)
  An elephant (D:8)
  Joseph (D:7)
  The ghost of blacksnow the Chopper, an amateur MiBe of Trog (D:4)
  4 yaks (D:9)
  An acid dragon (D:8)
  2 water moccasins
  3 black bears
  An orc warrior (D:9)
  3 ice beasts
  An ogre (D:5)
  2 centaurs
  2 phantoms
  8 kobold brigands
  3 bullfrogs
  2 necrophages (D:5)
  A scorpion (D:5)
  11 wights
  A crimson imp (D:4)
  Crazy Yiuf (D:3)
  5 hounds
  3 jellies (D:7)
  Jessica (D:3)
  An orc wizard (D:8)
  Natasha (D:3)
  3 iguanas
  12 adders
  2 river rats (Sewer)
  A shadow imp (D:6)
  2 white imps
  An ufetubus (D:4)
  5 worms
  2 dart slugs
  21 orcs
  9 endoplasms
  2 giant cockroaches
  8 goblins
  8 hobgoblins
  10 jackals
  4 quokkas
  6 ball pythons
  5 bats
  2 frilled lizards (D:1)
  36 kobolds
  14 rats
214 creatures vanquished.

Vanquished Creatures (others)
  A fungus (D:3)
  3 plants
4 creatures vanquished.

Grand Total: 218 creatures vanquished

Notes
Turn   | Place    | Note
-------+----------+-------------------------------------------
     0 | D:1      | Dauddaud the Minotaur Berserker began the quest for the
                  | Orb.
     0 | D:1      | Reached XP level 1. HP: 19/19 MP: 0/0
   247 | D:1      | You fall into a shaft and drop 1 floor!
   250 | D:2      | Reached skill level 4 in Axes
   543 | D:1      | Reached XP level 2. HP: 22/26 MP: 1/1
  1105 | D:1      | Found a faded altar of an unknown god.
  1638 | D:2      | Reached skill level 5 in Axes
  1643 | D:2      | Reached XP level 3. HP: 24/31 MP: 2/2
  2328 | D:3      | Reached ** piety under Trog
  2659 | D:3      | Reached skill level 6 in Axes
  2659 | D:3      | Reached XP level 4. HP: 36/39 MP: 3/3
  3078 | D:3      | Noticed Natasha
  3085 | D:3      | Killed Natasha
  3224 | D:3      | Noticed Jessica
  3225 | D:3      | Killed Jessica
  3226 | D:3      | Reached skill level 7 in Axes
  3226 | D:3      | Reached XP level 5. HP: 45/45 MP: 4/4
  3252 | D:3      | Found a glowing golden altar of the Shining One.
  3320 | D:3      | Found a runed translucent door.
  3321 | D:3      | Noticed Crazy Yiuf
  3338 | D:3      | Killed Crazy Yiuf
  3867 | D:4      | Found Sajap's Magic Scroll Boutique.
  3875 | D:4      | Bought a scroll of teleportation for 36 gold pieces
  3875 | D:4      | Bought a scroll of identify for 24 gold pieces
  3875 | D:4      | Bought 3 scrolls of identify for 72 gold pieces
  4332 | D:4      | Reached skill level 8 in Axes
  4602 | D:4      | Reached XP level 6. HP: 51/51 MP: 5/5
  4662 | D:4      | Found a runed translucent door.
  4841 | D:4      | Found a sparkling altar of Nemelex Xobeh.
  4964 | D:4      | Noticed blacksnow's ghost (amateur MiBe)
  4989 | D:4      | Killed blacksnow's ghost
  4990 | D:4      | Reached skill level 9 in Axes
  4990 | D:4      | Reached XP level 7. HP: 55/57 MP: 6/6
  5098 | D:5      | Entered Level 5 of the Dungeon
  5106 | D:5      | Reached skill level 10 in Axes
  5111 | D:5      | Reached skill level 11 in Axes
  5403 | D:5      | Reached XP level 8. HP: 56/64 MP: 7/7
  5552 | D:5      | Reached *** piety under Trog
  5569 | D:5      | Reached skill level 12 in Axes
  5640 | D:5      | Found a glowing drain.
  5652 | Sewer    | Entered a sewer
  6389 | Sewer    | Reached skill level 13 in Axes
  6743 | D:5      | Found a bloodstained altar of Trog.
  7000 | D:6      | Reached skill level 14 in Axes
  7093 | D:6      | Found a staircase to the Ecumenical Temple.
  7395 | D:6      | Found a shimmering blue altar of Sif Muna.
  7466 | D:6      | Reached XP level 9. HP: 70/70 MP: 8/8
  7497 | D:6      | Reached **** piety under Trog
  7925 | D:7      | Identified the +0 cloak of Taecen {Int+6 Dex+5}
  7982 | D:7      | Reached skill level 15 in Axes
  8471 | D:7      | Noticed Joseph
  8487 | D:7      | Killed Joseph
  8488 | D:7      | Reached skill level 16 in Axes
  8488 | D:7      | Reached skill level 1 in Evocations
  9649 | D:8      | Found a radiant altar of Vehumet.
 10067 | D:8      | Noticed a moth of wrath
 10179 | D:8      | Found a transporter.
 10183 | D:8      | Noticed nubinia's ghost (novice DECj)
 10200 | D:8      | Found a transporter.
 10557 | D:9      | Noticed an elephant
 10558 | D:9      | Found a staircase to the Lair.
 10579 | D:8      | Killed an elephant
 10580 | D:8      | Reached XP level 10. HP: 56/77 MP: 9/9
 11063 | D:9      | Reached skill level 17 in Axes
 11391 | D:9      | Noticed a centaur warrior
 11398 | D:9      | Killed a centaur warrior
 11401 | D:9      | HP: 1/115 [orc warrior/+0 long sword (5)]
 11404 | D:9      | Mangled by an efreet

Illustrated notes

Levels and vault maps discovered:
D:1:      dpeg_arrival_rhombi, layout_loops_corners,
          dreamdust_ecumenical_altar_statues, amcnicky_mini_rare_corridor_liquid
D:2:      layout_loops_ring, serial_glass, glass_columns_a, glass_columns_b
D:3:      layout_basic, tso_oasis_becter, due_unseen_surprise,
          uniq_crazy_yiuf_cottage, uniq_natasha, uniq_jessica
D:4:      layout_layer_cave, nemelex_diamond_rough_becter, serial_shops,
          nicolae_shop_statue_plus, ebering_ghost_sewer_d,
          minmay_fire_ice_demons
D:5:      layout_gridville, mainiacjoe_overflow_24_doors, portal_sewer_entry_b
D:6:      layout_basic, mainiacjoe_overflow_tiny_flanked,
          minmay_temple_entry_mist
D:7:      layout_rooms, uniq_joseph
D:8:      corexii_shack_village, layout_basic, nicolae_vehumet_radiance,
          gammafunk_ghost_berserking_beasts, corner_web_ring,
          chequers_serial_rivers_large_a
D:9:      layout_irregular_city, mainiacjoe_overflow_brackets,
          david_lair_generic, serial_shops, kennysheep_little_box, st_stairs_10,
          minmay_checkerbox

Skill      XL: |  1  2  3  4  5  6  7  8  9 10 |
---------------+-------------------------------+-----
Axes           | 4 5 6 7 8 9 11 14 16 17 | 17.6
Evocations     | 3 4 |  4.3
Fighting       | |  3.6
Armour         | |  2.4
Dodging        | |  2.1

Action                   |  1- 3 |  4- 6 |  7- 9 | 10-12 || total
-------------------------+-------+-------+-------+-------++-------
Melee: Hand axe          |   100 |    53 |       |       ||   153
       Headbutt          |     6 |    16 |    32 |     5 ||    59
       War axe           |       |    37 |   292 |    36 ||   365
       Punch             |       |     1 |     2 |     1 ||     4
Invok: Berserk           |     2 |     3 |     4 |     2 ||    11
       Trog's Hand       |       |       |     2 |     1 ||     3
  Use: Potion            |     3 |       |       |       ||     3
       Scroll            |       |     9 |     3 |       ||    12
 Stab: Sleeping          |     1 |       |       |       ||     1
Armor: Animal skin       |    24 |       |       |       ||    24
       Scale mail        |    13 |    34 |    49 |       ||    96
       Chain mail        |       |       |    55 |    22 ||    77
Dodge: Dodged            |    66 |    43 |    98 |    12 ||   219

Table legend: (Time is in decaauts)
 A = Elapsed time spent in this place.
 B = Non-inter-level travel time spent in this place.
 C = Inter-level travel time spent in this place.
 D = Time resting spent in this place.
 E = Time spent auto-exploring this place.
 F = Levels seen in this place.
 G = Mean time per level.
                   A        B        C        D        E       F      G
               +--------+--------+--------+--------+--------+-----+--------+
         Total |  11612 |  11257 |    355 |   3195 |   6765 |  10 | 1161.2 |
       Dungeon |  10481 |  10126 |    355 |   2831 |   6199 |   9 | 1164.6 |
         Sewer |   1130 |   1130 |      0 |    364 |    565 |   1 | 1130.0 |
               +--------+--------+--------+--------+--------+-----+--------+

Top non-repeatable levels by time:
     D:8: 1633 daAuts
     D:3: 1516 daAuts
     D:4: 1420 daAuts
     D:7: 1330 daAuts
     D:1: 1317 daAuts
   Sewer: 1130 daAuts
     D:6: 971 daAuts
     D:2: 916 daAuts
     D:5: 802 daAuts
     D:9: 572 daAuts
